[ AOE2 MATCH · #483916633 ]
UnrankedItalians vs Hindustanis
[ REPLAY ANALYSIS · EXTRACTED FROM THE RECORDED GAME ]
Feudal
12:12
Castle
20:29
Imperial
—
| APM avg | 32.5 |
| APM peak | 93 |
| eAPM avg | 20.9 |
| Villagers / military | 193 / 20 |
Focus
⚔️ 22.7% · 🌾 77.3%
Monk ×8 · Mangonel ×6 · Scorpion ×6
Feudal
11:12
Castle
19:14
Imperial
39:18
| APM avg | 21.3 |
| APM peak | 43 |
| eAPM avg | 14.7 |
| Villagers / military | 130 / 109 |
Focus
⚔️ 26.1% · 🌾 73.9%
Camel Scout ×102 · Scout Cavalry ×6 · Fishing Ship ×4 · Trade Cart ×3 · Armored Elephant ×1
Feudal
11:53
Castle
15:35
Imperial
31:39
| APM avg | 52.1 |
| APM peak | 96 |
| eAPM avg | 25.3 |
| Villagers / military | 153 / 1 |
Focus
⚔️ 43.6% · 🌾 56.4%
Unknown (1952) ×170 · Trade Cart ×25 · Unknown (1942) ×18 · Fishing Ship ×10 · Unknown (1954) ×4 · Unknown (1948) ×3
Feudal
9:51
Castle
21:49
Imperial
34:16
| APM avg | 43.1 |
| APM peak | 73 |
| eAPM avg | 25.4 |
| Villagers / military | 118 / 112 |
Focus
⚔️ 32.1% · 🌾 67.9%
Archer ×93 · Bombard Cannon ×10 · Genoese Crossbowman ×4 · Mangonel ×2 · Battering Ram ×2 · Skirmisher ×1
Feudal
12:28
Castle
16:11
Imperial
38:30
| APM avg | 35.8 |
| APM peak | 81 |
| eAPM avg | 20.0 |
| Villagers / military | 223 / 60 |
Focus
⚔️ 29.6% · 🌾 70.4%
Mangudai ×29 · Knight ×27 · Camel Scout ×4
Feudal
11:14
Castle
16:18
Imperial
27:11
| APM avg | 38.2 |
| APM peak | 90 |
| eAPM avg | 22.7 |
| Villagers / military | 122 / 138 |
Focus
⚔️ 36.9% · 🌾 63.1%
Knight ×129 · Trade Cart ×9 · Coustillier ×3 · Bombard Cannon ×2 · Trebuchet (Packed) ×2 · Monk ×1
Match map
Initial resources + every placement click. Lines = walls · curves = elevation contours. ◆ gold · ⬟ stone · ● berries · ✦ relic · ◌ wall gap
Your base· Open — opponent sealed themselves in
CptCrl's base· ✓ Closed at 19:14 · 0t walls · fragile
Tilt Eulenspiegel's base· ✓ Closed at 15:35 · 20t walls · fragile
Wolfie's base· ✓ Closed at 21:49 · 46t walls · no gate
Meiershark's base· ✓ Closed at 16:11 · 0t walls · fragile
Aliskandar's base· ✓ Closed at 16:18 · 17t walls · fragile
Smoothed initial terrain · ◌ = detected wall gap · hover for details
Inputs per minute
— gggmeuer - - CptCrl
Build order — gggmeuer
First 150 of 379 actions detected
| 0:01 | Create | Villager (Male) |
| 0:01 | Create | Villager (Male) |
| 0:01 | Create | Villager (Male) |
| 0:01 | Create | Villager (Male) |
| 0:01 | Create | Villager (Male) |
| 0:01 | Create | Villager (Male) |
| 0:01 | Create | Villager (Male) |
| 0:02 | Build | House |
| 0:03 | Build | House |
| 1:27 | Create | Villager (Male) |
| 1:27 | Create | Villager (Male) |
| 1:27 | Create | Villager (Male) |
| 1:27 | Create | Villager (Male) |
| 1:27 | Create | Villager (Male) |
| 1:27 | Create | Villager (Male) |
| 1:27 | Create | Villager (Male) |
| 1:27 | Create | Villager (Male) |
| 1:57 | Build | Lumber Camp |
| 1:58 | Create | Villager (Male) |
| 1:58 | Create | Villager (Male) |
| 1:58 | Create | Villager (Male) |
| 1:58 | Create | Villager (Male) |
| 1:58 | Create | Villager (Male) |
| 1:58 | Create | Villager (Male) |
| 1:58 | Create | Villager (Male) |
| 2:30 | Create | Villager (Male) |
| 2:30 | Create | Villager (Male) |
| 2:30 | Create | Villager (Male) |
| 2:30 | Create | Villager (Male) |
| 2:30 | Create | Villager (Male) |
| 2:30 | Create | Villager (Male) |
| 2:30 | Create | Villager (Male) |
| 2:45 | Create | Villager (Male) |
| 2:45 | Create | Villager (Male) |
| 2:45 | Create | Villager (Male) |
| 2:45 | Create | Villager (Male) |
| 2:45 | Create | Villager (Male) |
| 2:45 | Create | Villager (Male) |
| 2:45 | Create | Villager (Male) |
| 2:45 | Create | Villager (Male) |
| 3:08 | Build | House |
| 3:13 | Create | Villager (Male) |
| 3:13 | Create | Villager (Male) |
| 3:13 | Create | Villager (Male) |
| 3:13 | Create | Villager (Male) |
| 3:13 | Create | Villager (Male) |
| 3:13 | Create | Villager (Male) |
| 3:13 | Create | Villager (Male) |
| 3:13 | Create | Villager (Male) |
| 3:54 | Create | Villager (Male) |
| 3:54 | Create | Villager (Male) |
| 3:54 | Create | Villager (Male) |
| 3:54 | Create | Villager (Male) |
| 3:54 | Create | Villager (Male) |
| 3:54 | Create | Villager (Male) |
| 3:54 | Create | Villager (Male) |
| 3:54 | Create | Villager (Male) |
| 4:26 | Build | Palisade Wall |
| 4:34 | Build | Palisade Wall |
| 4:50 | Research | Loom |
| 5:08 | Create | Villager (Male) |
| 5:08 | Create | Villager (Male) |
| 5:08 | Create | Villager (Male) |
| 5:08 | Create | Villager (Male) |
| 5:08 | Create | Villager (Male) |
| 5:08 | Create | Villager (Male) |
| 5:08 | Create | Villager (Male) |
| 5:17 | Build | Palisade Wall |
| 5:22 | Create | Villager (Male) |
| 5:22 | Create | Villager (Male) |
| 5:22 | Create | Villager (Male) |
| 5:22 | Create | Villager (Male) |
| 5:22 | Create | Villager (Male) |
| 5:22 | Create | Villager (Male) |
| 5:32 | Build | Palisade Wall |
| 6:09 | Create | Villager (Male) |
| 6:41 | Create | Villager (Male) |
| 7:01 | Create | Villager (Male) |
| 7:03 | Build | House |
| 7:12 | Build | Mill |
| 7:37 | Build | House |
| 7:41 | Build | Palisade Wall |
| 7:42 | Build | Palisade Wall |
| 7:56 | Create | Villager (Male) |
| 8:07 | Create | Villager (Male) |
| 8:39 | Build | Palisade Wall |
| 8:49 | Build | House |
| 8:52 | Build | House |
| 9:04 | Build | Mining Camp |
| 9:10 | Create | Villager (Male) |
| 9:14 | Build | Palisade Wall |
| 9:19 | Build | Palisade Wall |
| 9:22 | Build | Palisade Wall |
| 9:25 | Build | Palisade Wall |
| 9:26 | Build | Palisade Wall |
| 9:29 | Build | Palisade Wall |
| 9:34 | Research | Feudal Age |
| 9:37 | Create | Villager (Male) |
| 9:44 | Research | Feudal Age |
| 10:10 | Build | Palisade Wall |
| 10:42 | Build | Mill |
| 10:57 | Build | Palisade Wall |
| 11:02 | Build | Palisade Wall |
| 11:18 | Build | Palisade Wall |
| 11:24 | Build | Palisade Wall |
| 11:31 | Build | Palisade Wall |
| 11:35 | Create | Villager (Male) |
| 12:12 | Age | Feudal Age |
| 12:16 | Build | Watch Tower |
| 12:45 | Create | Villager (Male) |
| 12:49 | Build | Market |
| 12:57 | Build | Blacksmith |
| 13:01 | Create | Villager (Male) |
| 13:14 | Build | Mining Camp |
| 13:38 | Build | Palisade Wall |
| 13:44 | Research | Fletching |
| 14:07 | Create | Villager (Male) |
| 14:09 | Create | Villager (Male) |
| 14:10 | Build | Farm |
| 14:10 | Build | Farm |
| 14:11 | Build | Farm |
| 14:11 | Build | Farm |
| 14:12 | Research | Horse Collar |
| 14:12 | Research | Horse Collar |
| 14:16 | Build | Farm |
| 14:20 | Create | Villager (Male) |
| 14:27 | Build | Palisade Wall |
| 14:33 | Build | Mining Camp |
| 14:46 | Build | Stone Wall |
| 14:52 | Build | Stone Wall |
| 15:38 | Create | Villager (Male) |
| 15:39 | Create | Villager (Male) |
| 15:39 | Create | Villager (Male) |
| 15:59 | Build | Farm |
| 15:59 | Build | Farm |
| 16:00 | Build | Farm |
| 16:00 | Build | Farm |
| 16:00 | Build | Farm |
| 16:00 | Build | Farm |
| 16:00 | Build | Farm |
| 16:01 | Build | Farm |
| 16:04 | Build | Farm |
| 16:13 | Build | Stone Wall |
| 16:37 | Create | Villager (Male) |
| 17:06 | Build | House |
| 17:08 | Build | Palisade Wall |
| 17:12 | Build | Palisade Wall |
| 17:18 | Create | Villager (Male) |
| 17:25 | Create | Villager (Male) |
| 17:41 | Build | Farm |
Build order — CptCrl
First 150 of 309 actions detected
| 0:03 | Build | House |
| 0:05 | Build | House |
| 0:16 | Create | Villager (Male) |
| 0:16 | Create | Villager (Male) |
| 0:16 | Create | Villager (Male) |
| 0:16 | Create | Villager (Male) |
| 0:17 | Create | Villager (Male) |
| 0:17 | Create | Villager (Male) |
| 1:15 | Create | Villager (Male) |
| 2:19 | Create | Villager (Male) |
| 2:41 | Create | Villager (Male) |
| 2:56 | Build | Dock |
| 3:10 | Create | Villager (Male) |
| 3:11 | Create | Villager (Male) |
| 3:32 | Create | Villager (Male) |
| 4:14 | Create | Fishing Ship |
| 4:19 | Build | House |
| 4:35 | Create | Villager (Male) |
| 4:50 | Research | Loom |
| 4:52 | Create | Villager (Male) |
| 4:52 | Create | Villager (Male) |
| 4:53 | Create | Villager (Male) |
| 4:58 | Create | Fishing Ship |
| 5:41 | Build | Lumber Camp |
| 6:24 | Create | Villager (Male) ×4 |
| 7:04 | Build | House |
| 7:15 | Build | House |
| 7:35 | Create | Villager (Male) |
| 7:48 | Create | Fishing Ship |
| 7:53 | Build | House |
| 8:04 | Build | House |
| 8:53 | Build | Mill |
| 8:58 | Research | Feudal Age |
| 9:28 | Create | Villager (Male) |
| 9:28 | Create | Villager (Male) |
| 10:04 | Create | Villager (Male) |
| 10:39 | Create | Fishing Ship |
| 11:12 | Age | Feudal Age |
| 11:23 | Build | Barracks |
| 11:26 | Create | Villager (Male) |
| 11:47 | Create | Villager (Male) |
| 12:12 | Build | Mining Camp |
| 12:38 | Build | Stable |
| 12:46 | Create | Villager (Male) |
| 12:47 | Create | Villager (Male) |
| 13:33 | Create | Scout Cavalry |
| 13:33 | Create | Scout Cavalry |
| 13:39 | Build | Stable |
| 13:41 | Create | Villager (Male) |
| 13:47 | Build | House |
| 13:49 | Build | House |
| 14:11 | Build | Mining Camp |
| 14:20 | Create | Scout Cavalry |
| 14:55 | Build | Blacksmith |
| 15:05 | Create | Scout Cavalry |
| 15:05 | Create | Scout Cavalry |
| 15:08 | Create | Villager (Male) |
| 15:08 | Create | Villager (Male) |
| 15:24 | Build | Lumber Camp |
| 15:26 | Create | Villager (Male) |
| 15:50 | Build | Fish Trap |
| 16:34 | Research | Castle Age |
| 16:38 | Build | Fish Trap |
| 16:47 | Build | Fish Trap |
| 16:48 | Create | Scout Cavalry |
| 17:16 | Build | Fish Trap |
| 18:03 | Research | Horse Collar |
| 18:18 | Build | Farm |
| 18:21 | Build | Farm |
| 18:24 | Build | Farm |
| 18:27 | Build | Farm |
| 18:30 | Build | Farm |
| 18:34 | Build | Farm |
| 18:39 | Build | Farm |
| 18:45 | Build | Farm |
| 18:53 | Research | Forging |
| 19:14 | Age | Castle Age |
| 19:19 | Create | Camel Scout |
| 19:25 | Create | Villager (Male) |
| 19:44 | Build | Town Center |
| 19:49 | Create | Villager (Male) |
| 19:57 | Build | House |
| 19:59 | Build | House |
| 20:00 | Build | House |
| 20:06 | Build | Farm |
| 20:15 | Research | Scale Barding Armor |
| 20:35 | Create | Villager (Male) |
| 20:36 | Create | Villager (Male) |
| 20:56 | Create | Camel Scout |
| 20:59 | Create | Camel Scout |
| 21:12 | Create | Camel Scout |
| 21:17 | Create | Villager (Male) |
| 21:20 | Build | Farm |
| 21:33 | Create | Villager (Male) |
| 21:37 | Build | Farm |
| 21:39 | Build | Farm |
| 21:58 | Create | Camel Scout |
| 21:58 | Create | Camel Scout |
| 22:03 | Create | Camel Scout |
| 22:08 | Build | Farm |
| 22:31 | Create | Camel Scout |
| 22:32 | Create | Camel Scout |
| 22:33 | Create | Villager (Male) |
| 22:38 | Create | Villager (Male) |
| 22:38 | Create | Villager (Male) |
| 22:48 | Build | Farm |
| 22:51 | Create | Villager (Male) |
| 22:55 | Create | Camel Scout |
| 23:23 | Research | Husbandry |
| 23:29 | Create | Villager (Male) |
| 23:50 | Create | Villager (Male) |
| 23:53 | Create | Villager (Male) |
| 23:53 | Create | Villager (Male) |
| 23:56 | Build | Farm |
| 24:03 | Create | Villager (Male) |
| 24:04 | Create | Villager (Male) |
| 24:07 | Build | Farm |
| 24:09 | Build | Farm |
| 24:11 | Create | Camel Scout |
| 24:11 | Create | Camel Scout |
| 24:12 | Research | Bloodlines |
| 24:31 | Build | Farm |
| 24:38 | Create | Villager (Male) |
| 24:44 | Build | Farm |
| 24:47 | Build | Farm |
| 24:53 | Create | Camel Scout |
| 24:53 | Create | Camel Scout |
| 25:04 | Create | Villager (Male) |
| 25:04 | Create | Villager (Male) |
| 25:19 | Research | Iron Casting |
| 25:26 | Create | Villager (Male) |
| 25:27 | Create | Villager (Male) |
| 25:27 | Create | Villager (Male) |
| 25:29 | Build | House |
| 25:31 | Build | House |
| 25:35 | Build | Farm |
| 25:41 | Build | Farm |
| 26:02 | Create | Villager (Male) |
| 26:03 | Create | Villager (Male) |
| 26:06 | Research | Chain Barding Armor |
| 26:21 | Build | House |
| 26:22 | Build | House |
| 27:05 | Create | Camel Scout |
| 27:05 | Create | Camel Scout |
| 27:07 | Create | Villager (Male) |
| 27:07 | Create | Villager (Male) |
| 27:07 | Create | Villager (Male) |
| 27:14 | Build | Town Center |
| 27:16 | Create | Camel Scout |
| 27:17 | Create | Camel Scout |
Build order — Tilt Eulenspiegel
First 150 of 549 actions detected
| 0:00 | Create | Villager (Male) |
| 0:01 | Create | Villager (Male) |
| 0:02 | Build | House |
| 0:04 | Build | House |
| 0:07 | Create | Villager (Male) |
| 0:09 | Create | Villager (Male) |
| 1:32 | Create | Villager (Male) |
| 1:44 | Build | Lumber Camp |
| 2:02 | Create | Villager (Male) |
| 2:22 | Create | Villager (Male) |
| 2:43 | Create | Villager (Male) |
| 3:01 | Create | Villager (Male) |
| 3:31 | Create | Villager (Male) |
| 3:43 | Build | House |
| 3:53 | Create | Villager (Male) |
| 3:56 | Build | House |
| 4:05 | Build | Palisade Wall |
| 4:12 | Create | Villager (Male) |
| 4:41 | Build | Dock |
| 4:54 | Create | Villager (Male) |
| 4:54 | Create | Villager (Male) |
| 5:24 | Build | Palisade Wall |
| 5:50 | Create | Villager (Male) |
| 5:51 | Create | Fishing Ship |
| 6:08 | Create | Villager (Male) |
| 6:25 | Build | House |
| 6:28 | Create | Villager (Male) |
| 6:31 | Create | Fishing Ship |
| 6:59 | Create | Villager (Male) |
| 7:19 | Create | Villager (Male) |
| 7:20 | Build | House |
| 7:33 | Create | Fishing Ship |
| 7:48 | Create | Villager (Male) |
| 7:53 | Build | House |
| 8:07 | Create | Fishing Ship |
| 8:16 | Build | Palisade Wall |
| 8:20 | Create | Villager (Male) |
| 8:35 | Create | Villager (Male) |
| 8:38 | Build | House |
| 8:50 | Create | Fishing Ship |
| 9:10 | Build | Palisade Wall |
| 9:18 | Create | Villager (Male) |
| 9:28 | Build | Mining Camp |
| 9:33 | Research | Feudal Age |
| 9:48 | Build | House |
| 10:02 | Build | Mill |
| 10:23 | Create | Villager (Male) |
| 10:24 | Create | Villager (Male) |
| 10:34 | Build | House |
| 11:07 | Build | Palisade Wall |
| 11:11 | Build | Palisade Wall |
| 11:53 | Age | Feudal Age |
| 11:56 | Build | Market |
| 11:58 | Build | Blacksmith |
| 12:05 | Build | Fish Trap |
| 12:06 | Build | Fish Trap |
| 12:06 | Build | Fish Trap |
| 12:07 | Build | Fish Trap |
| 12:08 | Build | Fish Trap |
| 12:20 | Build | House |
| 12:55 | Research | Castle Age |
| 13:07 | Build | House |
| 13:23 | Build | Fish Trap |
| 13:24 | Build | Fish Trap |
| 13:44 | Build | House |
| 13:53 | Research | Double-Bit Axe |
| 13:58 | Build | Fish Trap |
| 13:59 | Build | Fish Trap |
| 14:22 | Build | Fish Trap |
| 14:22 | Build | Fish Trap |
| 14:30 | Build | House |
| 14:54 | Research | Horse Collar |
| 14:57 | Create | Villager (Male) |
| 15:03 | Build | House |
| 15:35 | Age | Castle Age |
| 15:38 | Build | Town Center |
| 15:55 | Create | Villager (Male) |
| 16:04 | Build | Town Center |
| 16:06 | Create | Villager (Male) |
| 16:24 | Research | Bow Saw |
| 16:34 | Create | Villager (Male) |
| 16:48 | Create | Villager (Male) |
| 16:59 | Create | Villager (Male) |
| 17:05 | Build | Farm |
| 17:06 | Build | Farm |
| 17:10 | Create | Villager (Male) |
| 17:14 | Build | Farm |
| 17:15 | Create | Villager (Male) |
| 17:22 | Build | House |
| 17:23 | Build | House |
| 17:27 | Create | Villager (Male) |
| 17:35 | Build | Farm |
| 17:36 | Create | Villager (Male) |
| 17:44 | Create | Villager (Male) |
| 17:45 | Create | Villager (Male) |
| 17:47 | Create | Villager (Male) |
| 17:54 | Build | Farm |
| 18:03 | Create | Villager (Male) |
| 18:08 | Build | Farm |
| 18:10 | Create | Villager (Male) |
| 18:13 | Build | Farm |
| 18:24 | Create | Villager (Male) |
| 18:36 | Create | Villager (Male) |
| 18:39 | Create | Villager (Male) |
| 18:39 | Create | Villager (Male) |
| 18:43 | Build | Farm |
| 18:44 | Build | Farm |
| 18:48 | Build | House |
| 18:52 | Create | Villager (Male) |
| 19:02 | Create | Villager (Male) |
| 19:03 | Create | Villager (Male) |
| 19:06 | Build | Dock |
| 19:07 | Create | Villager (Male) |
| 19:08 | Create | Villager (Male) |
| 19:08 | Create | Villager (Male) |
| 19:08 | Create | Villager (Male) |
| 19:08 | Create | Villager (Male) |
| 19:23 | Build | Stone Wall |
| 19:23 | Create | Villager (Male) |
| 19:24 | Create | Villager (Male) |
| 19:30 | Research | Town Watch |
| 19:40 | Create | Villager (Male) |
| 19:48 | Build | Town Center |
| 19:49 | Create | Villager (Male) |
| 19:59 | Create | Villager (Male) |
| 20:01 | Create | Fishing Ship |
| 20:10 | Build | Stone Wall |
| 20:11 | Create | Villager (Male) |
| 20:23 | Create | Villager (Male) |
| 20:30 | Create | Fishing Ship |
| 20:30 | Create | Fishing Ship |
| 20:35 | Create | Villager (Male) |
| 20:42 | Build | Farm |
| 20:43 | Build | Farm |
| 20:44 | Create | Villager (Male) |
| 20:44 | Create | Villager (Male) |
| 20:51 | Create | Villager (Male) |
| 20:51 | Create | Villager (Male) |
| 20:53 | Build | Fish Trap |
| 20:58 | Create | Villager (Male) |
| 20:59 | Create | Villager (Male) |
| 21:04 | Research | Loom |
| 21:04 | Research | Wheelbarrow |
| 21:10 | Create | Villager (Male) |
| 21:13 | Build | Fish Trap |
| 21:14 | Create | Villager (Male) |
| 21:17 | Create | Villager (Male) |
| 21:19 | Build | Farm |
| 21:24 | Build | Fish Trap |
| 21:29 | Build | Farm |
Build order — Wolfie
First 150 of 316 actions detected
| 0:00 | Create | Villager (Male) |
| 0:00 | Create | Villager (Male) |
| 0:02 | Build | House |
| 0:03 | Build | House |
| 0:24 | Create | Villager (Male) |
| 0:24 | Create | Villager (Male) |
| 1:08 | Research | Loom |
| 1:18 | Create | Villager (Male) |
| 1:33 | Create | Villager (Male) |
| 2:36 | Create | Villager (Male) |
| 2:40 | Create | Villager (Male) |
| 3:16 | Create | Villager (Male) |
| 3:16 | Create | Villager (Male) |
| 3:27 | Build | Palisade Wall |
| 3:33 | Create | Villager (Male) |
| 3:51 | Build | Palisade Wall |
| 3:51 | Build | Palisade Wall |
| 3:54 | Build | Palisade Wall |
| 3:55 | Build | Palisade Wall |
| 4:03 | Create | Villager (Male) |
| 4:04 | Create | Villager (Male) |
| 4:11 | Create | Villager (Male) |
| 4:18 | Build | Lumber Camp |
| 4:42 | Create | Villager (Male) |
| 4:56 | Create | Villager (Male) |
| 5:14 | Build | House |
| 6:03 | Create | Villager (Male) |
| 6:38 | Build | Mill |
| 7:00 | Build | House |
| 7:09 | Create | Villager (Male) |
| 7:20 | Research | Feudal Age |
| 8:26 | Build | Mining Camp |
| 9:00 | Create | Villager (Male) |
| 9:25 | Build | Barracks |
| 9:51 | Age | Feudal Age |
| 10:05 | Build | Archery Range |
| 10:09 | Create | Villager (Male) |
| 10:15 | Research | Double-Bit Axe |
| 10:26 | Create | Villager (Male) |
| 10:53 | Create | Archer |
| 10:53 | Create | Archer |
| 10:57 | Create | Villager (Male) |
| 11:09 | Build | Watch Tower |
| 11:10 | Create | Villager (Male) |
| 11:30 | Build | Palisade Wall |
| 11:45 | Create | Villager (Male) |
| 11:50 | Build | House |
| 11:56 | Research | Wheelbarrow |
| 12:01 | Create | Archer |
| 12:17 | Create | Archer |
| 12:18 | Create | Villager (Male) |
| 12:26 | Build | Archery Range |
| 12:27 | Create | Villager (Male) |
| 12:42 | Create | Archer |
| 12:44 | Create | Villager (Male) |
| 12:51 | Create | Villager (Male) |
| 13:03 | Create | Archer |
| 13:09 | Build | Blacksmith |
| 13:36 | Build | Palisade Wall |
| 13:37 | Build | Palisade Wall |
| 13:41 | Create | Villager (Male) |
| 13:59 | Research | Fletching |
| 14:01 | Create | Archer ×2 |
| 14:18 | Build | House |
| 14:25 | Create | Villager (Male) |
| 14:27 | Build | House |
| 14:46 | Build | House |
| 14:49 | Create | Villager (Male) |
| 15:04 | Create | Villager (Male) |
| 15:34 | Build | House |
| 16:01 | Create | Villager (Male) |
| 16:04 | Build | Market |
| 16:04 | Create | Villager (Male) |
| 16:13 | Research | Horse Collar |
| 16:15 | Build | Farm |
| 16:16 | Build | Farm |
| 16:17 | Build | Farm |
| 16:36 | Build | Farm |
| 16:37 | Build | Farm |
| 16:53 | Create | Villager (Male) |
| 16:56 | Build | Farm |
| 16:56 | Build | Farm |
| 17:12 | Build | Farm |
| 17:15 | Build | Farm |
| 17:27 | Create | Villager (Male) |
| 17:29 | Create | Villager (Male) |
| 17:38 | Create | Villager (Male) |
| 17:41 | Build | Farm |
| 17:59 | Build | Farm |
| 18:02 | Build | Farm |
| 18:27 | Build | House |
| 18:31 | Build | Farm |
| 18:50 | Build | Stone Wall |
| 19:09 | Build | Mining Camp |
| 19:09 | Research | Castle Age |
| 19:15 | Build | House |
| 19:18 | Build | Palisade Wall |
| 19:20 | Build | Palisade Wall |
| 19:23 | Build | Palisade Wall |
| 19:50 | Build | Stone Wall |
| 19:54 | Build | Stone Wall |
| 19:58 | Build | Stone Wall |
| 20:08 | Research | Stone Mining |
| 20:20 | Build | Stone Wall |
| 20:51 | Create | Villager (Male) |
| 21:11 | Create | Villager (Male) |
| 21:33 | Research | Gold Mining |
| 21:49 | Age | Castle Age |
| 22:00 | Build | Siege Workshop |
| 22:01 | Create | Villager (Male) |
| 22:02 | Create | Skirmisher |
| 22:04 | Research | Thumb Ring |
| 22:05 | Create | Archer ×4 |
| 22:06 | Create | Villager (Male) |
| 22:07 | Create | Villager (Male) |
| 22:15 | Build | Lumber Camp |
| 22:23 | Research | Bow Saw |
| 22:25 | Create | Villager (Male) |
| 22:27 | Create | Villager (Male) |
| 22:34 | Create | Archer |
| 22:41 | Create | Villager (Male) |
| 23:10 | Research | Crossbowman (upgrade) |
| 23:11 | Create | Archer ×5 |
| 23:24 | Create | Battering Ram |
| 23:25 | Create | Villager (Male) |
| 23:37 | Create | Archer |
| 23:53 | Build | Gate |
| 23:59 | Create | Archer |
| 23:59 | Create | Archer |
| 24:01 | Research | Bodkin Arrow |
| 24:04 | Build | Farm |
| 24:05 | Create | Villager (Male) |
| 24:24 | Create | Mangonel |
| 24:25 | Create | Villager (Male) |
| 24:29 | Build | Monastery |
| 24:36 | Create | Villager (Male) |
| 24:46 | Create | Villager (Male) |
| 25:21 | Create | Archer |
| 25:27 | Create | Mangonel |
| 25:34 | Create | Villager (Male) |
| 25:36 | Build | House |
| 25:41 | Create | Villager (Male) |
| 25:44 | Build | House |
| 25:45 | Create | Villager (Male) |
| 25:50 | Build | Town Center |
| 25:57 | Build | House |
| 26:00 | Create | Archer ×2 |
| 26:01 | Create | Villager (Male) |
| 26:03 | Build | House |
| 26:08 | Build | House |
Build order — Meiershark
First 150 of 476 actions detected
| 0:01 | Create | Villager (Male) ×4 |
| 0:03 | Build | House |
| 0:04 | Build | House |
| 1:37 | Create | Villager (Male) |
| 2:15 | Create | Villager (Male) |
| 2:32 | Create | Villager (Male) |
| 2:32 | Create | Villager (Male) |
| 2:51 | Build | Lumber Camp |
| 3:00 | Create | Villager (Male) |
| 3:07 | Create | Villager (Male) |
| 3:18 | Create | Villager (Male) |
| 4:00 | Create | Villager (Male) |
| 4:38 | Create | Villager (Male) |
| 4:41 | Build | Mill |
| 5:06 | Create | Villager (Male) |
| 5:10 | Build | House |
| 5:11 | Research | Loom |
| 5:38 | Create | Villager (Male) |
| 5:38 | Create | Villager (Male) |
| 5:46 | Build | House |
| 6:05 | Create | Villager (Male) |
| 6:24 | Build | House |
| 6:29 | Create | Villager (Male) |
| 7:14 | Create | Villager (Male) |
| 7:14 | Create | Villager (Male) |
| 8:03 | Create | Villager (Male) |
| 8:03 | Create | Villager (Male) |
| 8:04 | Create | Villager (Male) |
| 8:58 | Build | Farm |
| 8:59 | Build | Farm |
| 9:00 | Build | Farm |
| 9:28 | Create | Villager (Male) |
| 9:29 | Create | Villager (Male) |
| 9:29 | Research | Feudal Age |
| 10:38 | Build | Farm |
| 10:45 | Build | Mining Camp |
| 12:15 | Create | Villager (Male) |
| 12:15 | Create | Villager (Male) |
| 12:28 | Age | Feudal Age |
| 12:31 | Build | Market |
| 12:36 | Build | Blacksmith |
| 13:09 | Build | Farm |
| 13:23 | Build | Barracks |
| 13:31 | Research | Castle Age |
| 13:31 | Research | Castle Age |
| 13:37 | Research | Double-Bit Axe |
| 13:37 | Research | Horse Collar |
| 13:41 | Build | Farm |
| 13:42 | Build | Farm |
| 13:45 | Build | Farm |
| 14:21 | Build | Barracks |
| 14:24 | Create | Villager (Male) |
| 14:25 | Create | Villager (Male) |
| 15:56 | Build | Stable |
| 16:11 | Age | Castle Age |
| 16:15 | Build | Barracks |
| 16:18 | Build | Stable |
| 16:21 | Research | Scale Barding Armor |
| 16:29 | Build | Town Center |
| 16:32 | Create | Villager (Male) |
| 16:37 | Build | Town Center |
| 17:08 | Build | House |
| 17:12 | Create | Knight |
| 17:12 | Create | Knight |
| 17:21 | Build | House |
| 17:22 | Build | House |
| 17:26 | Build | Farm |
| 17:27 | Build | Farm |
| 17:33 | Create | Villager (Male) |
| 17:33 | Create | Villager (Male) |
| 17:47 | Research | Bloodlines |
| 18:00 | Create | Villager (Male) |
| 18:00 | Create | Villager (Male) |
| 18:00 | Create | Villager (Male) |
| 18:06 | Create | Villager (Male) |
| 18:06 | Create | Villager (Male) |
| 18:09 | Create | Villager (Male) |
| 18:52 | Create | Villager (Male) |
| 19:04 | Build | Siege Workshop |
| 19:28 | Build | House |
| 19:28 | Create | Villager (Male) |
| 19:29 | Create | Villager (Male) |
| 19:32 | Build | Farm |
| 19:32 | Build | Farm |
| 19:32 | Build | Farm |
| 19:32 | Build | Farm |
| 19:32 | Build | Farm |
| 19:36 | Build | Farm |
| 19:49 | Build | House |
| 19:49 | Create | Villager (Male) |
| 19:51 | Build | Farm |
| 19:51 | Build | Farm |
| 19:52 | Build | Farm |
| 19:52 | Build | Farm |
| 19:52 | Build | Farm |
| 20:14 | Create | Villager (Male) |
| 20:15 | Create | Villager (Male) |
| 20:18 | Build | Farm |
| 20:21 | Research | Bow Saw |
| 20:24 | Create | Villager (Male) |
| 20:24 | Create | Villager (Male) |
| 20:34 | Build | House |
| 20:39 | Build | Farm |
| 20:41 | Build | Farm |
| 20:45 | Create | Villager (Male) |
| 20:48 | Create | Villager (Male) |
| 20:48 | Create | Villager (Male) |
| 20:48 | Create | Villager (Male) |
| 20:56 | Build | Farm |
| 21:10 | Create | Knight |
| 21:15 | Create | Knight |
| 21:18 | Create | Villager (Male) |
| 21:21 | Build | Farm |
| 21:21 | Build | Farm |
| 21:58 | Create | Knight |
| 21:58 | Create | Knight |
| 22:18 | Create | Villager (Male) |
| 22:19 | Create | Villager (Male) |
| 22:29 | Create | Villager (Male) |
| 22:32 | Build | Farm |
| 22:42 | Research | Forging |
| 22:53 | Create | Villager (Male) |
| 22:53 | Create | Villager (Male) |
| 22:53 | Create | Villager (Male) |
| 22:59 | Create | Villager (Male) |
| 23:01 | Build | Farm |
| 23:01 | Build | Farm |
| 23:01 | Build | Farm |
| 23:04 | Create | Villager (Male) |
| 23:06 | Build | House |
| 23:07 | Build | House |
| 23:34 | Research | Husbandry |
| 23:35 | Create | Villager (Male) |
| 23:35 | Create | Villager (Male) |
| 23:37 | Build | Farm |
| 23:43 | Build | House |
| 23:44 | Build | House |
| 23:47 | Build | House |
| 23:49 | Build | House |
| 23:57 | Create | Villager (Male) |
| 23:57 | Create | Villager (Male) |
| 23:57 | Create | Villager (Male) |
| 24:14 | Create | Villager (Male) |
| 24:14 | Create | Villager (Male) |
| 24:17 | Build | Farm |
| 24:18 | Build | Farm |
| 24:55 | Create | Knight |
| 24:56 | Create | Knight |
| 24:56 | Create | Villager (Male) |
| 24:56 | Create | Villager (Male) |
Build order — Aliskandar
First 150 of 458 actions detected
| 0:00 | Create | Villager (Male) |
| 0:02 | Build | House |
| 0:05 | Build | House |
| 0:18 | Create | Villager (Male) |
| 0:18 | Create | Villager (Male) |
| 0:18 | Create | Villager (Male) |
| 1:26 | Create | Villager (Male) |
| 2:15 | Create | Villager (Male) |
| 2:19 | Create | Villager (Male) |
| 2:51 | Create | Villager (Male) |
| 3:08 | Build | House |
| 3:17 | Build | Lumber Camp |
| 3:28 | Create | Villager (Male) |
| 3:28 | Create | Villager (Male) |
| 4:16 | Build | House |
| 4:22 | Build | House |
| 4:24 | Create | Villager (Male) |
| 4:24 | Create | Villager (Male) |
| 4:25 | Create | Villager (Male) |
| 4:33 | Create | Villager (Male) |
| 5:10 | Build | Mill |
| 5:10 | Create | Villager (Male) |
| 5:55 | Create | Villager (Male) |
| 6:09 | Build | Palisade Wall |
| 6:52 | Create | Villager (Male) |
| 6:53 | Create | Villager (Male) |
| 7:01 | Build | Mining Camp |
| 7:13 | Build | Palisade Wall |
| 7:44 | Create | Villager (Male) |
| 7:55 | Create | Villager (Male) |
| 8:00 | Create | Villager (Male) |
| 8:06 | Build | House |
| 8:25 | Build | Palisade Wall |
| 8:26 | Build | Palisade Wall |
| 8:59 | Build | Palisade Wall |
| 9:04 | Research | Feudal Age |
| 9:05 | Research | Double-Bit Axe |
| 9:06 | Research | Horse Collar |
| 9:07 | Research | Horse Collar |
| 9:34 | Build | Farm |
| 9:35 | Build | Farm |
| 9:45 | Research | Loom |
| 9:48 | Build | Farm |
| 10:11 | Build | Farm |
| 10:12 | Build | Farm |
| 10:57 | Create | Villager (Male) |
| 11:14 | Age | Feudal Age |
| 11:20 | Build | Market |
| 11:31 | Build | Blacksmith |
| 11:39 | Create | Villager (Male) |
| 12:06 | Create | Villager (Male) |
| 12:08 | Build | Farm |
| 12:20 | Build | Farm |
| 12:21 | Build | Farm |
| 12:30 | Build | House |
| 13:04 | Create | Villager (Male) |
| 13:38 | Research | Castle Age |
| 13:38 | Research | Castle Age |
| 14:27 | Research | Bow Saw |
| 14:27 | Research | Heavy Plow |
| 14:55 | Research | Gold Mining |
| 14:55 | Research | Gold Mining |
| 16:18 | Age | Castle Age |
| 16:29 | Build | Town Center |
| 16:32 | Create | Villager (Male) |
| 16:48 | Build | Town Center |
| 16:52 | Create | Villager (Male) |
| 17:10 | Build | House |
| 17:14 | Create | Villager (Male) |
| 17:32 | Create | Villager (Male) |
| 17:52 | Build | Monastery |
| 17:55 | Create | Villager (Male) |
| 18:01 | Create | Villager (Male) |
| 18:07 | Create | Villager (Male) |
| 18:18 | Build | House |
| 18:19 | Create | Villager (Male) |
| 18:19 | Create | Villager (Male) |
| 18:22 | Create | Villager (Male) |
| 18:24 | Create | Villager (Male) |
| 18:30 | Build | House |
| 18:30 | Build | House |
| 18:33 | Create | Villager (Male) |
| 18:39 | Create | Monk |
| 18:48 | Create | Villager (Male) |
| 18:53 | Build | Farm |
| 18:53 | Create | Villager (Male) |
| 18:58 | Build | Farm |
| 18:59 | Build | Farm |
| 19:00 | Build | Farm |
| 19:05 | Build | Farm |
| 19:06 | Build | Farm |
| 19:06 | Create | Villager (Male) |
| 19:13 | Build | Farm |
| 19:13 | Create | Villager (Male) |
| 19:19 | Build | Farm |
| 19:20 | Build | Farm |
| 19:22 | Create | Villager (Male) |
| 19:36 | Build | Stone Wall |
| 19:40 | Create | Villager (Male) |
| 19:45 | Build | Gate |
| 19:49 | Create | Villager (Male) |
| 20:11 | Create | Villager (Male) |
| 20:13 | Create | Villager (Male) |
| 20:16 | Build | House |
| 20:17 | Build | House |
| 20:19 | Create | Villager (Male) |
| 20:23 | Build | Farm |
| 20:25 | Create | Villager (Male) |
| 20:32 | Build | Farm |
| 20:34 | Build | Farm |
| 20:36 | Create | Villager (Male) |
| 20:37 | Create | Villager (Male) |
| 20:47 | Build | Farm |
| 20:48 | Create | Villager (Male) |
| 20:50 | Research | Wheelbarrow |
| 20:52 | Create | Villager (Male) |
| 21:01 | Build | Farm |
| 21:02 | Create | Villager (Male) |
| 21:08 | Build | Farm |
| 21:09 | Create | Villager (Male) |
| 21:13 | Build | House |
| 21:17 | Build | House |
| 21:18 | Create | Villager (Male) |
| 21:27 | Build | Farm |
| 21:28 | Build | Farm |
| 21:29 | Create | Villager (Male) |
| 21:34 | Build | Farm |
| 21:36 | Build | Farm |
| 21:37 | Create | Villager (Male) |
| 21:47 | Build | University |
| 21:53 | Create | Villager (Male) |
| 22:01 | Create | Villager (Male) |
| 22:07 | Create | Villager (Male) |
| 22:10 | Build | Mill |
| 22:11 | Build | Farm |
| 22:11 | Build | Farm |
| 22:11 | Build | Farm |
| 22:11 | Build | Farm |
| 22:11 | Build | Farm |
| 22:13 | Create | Villager (Male) |
| 22:22 | Create | Villager (Male) |
| 22:25 | Create | Villager (Male) |
| 22:34 | Research | Town Watch |
| 22:41 | Build | Farm |
| 22:43 | Create | Villager (Male) |
| 22:46 | Build | House |
| 22:53 | Build | House |
| 23:01 | Build | Siege Workshop |
| 23:07 | Create | Villager (Male) |
| 23:09 | Create | Villager (Male) |
Match timeline
| 2:56 | CptCrl · first_building Dock |
| 3:27 | Wolfie · wall_segment Palisade Wall x1 |
| 3:51 | Wolfie · wall_segment Palisade Wall x1 |
| 3:51 | Wolfie · wall_segment Palisade Wall x1 |
| 3:54 | Wolfie · wall_segment Palisade Wall x1 |
| 3:55 | Wolfie · wall_segment Palisade Wall x1 |
| 4:05 | Tilt Eulenspiegel · wall_segment Palisade Wall x3 |
| 4:26 | gggmeuer · wall_segment Palisade Wall x8 |
| 4:34 | gggmeuer · wall_segment Palisade Wall x7 |
| 4:41 | Tilt Eulenspiegel · first_building Dock |
| 5:17 | gggmeuer · wall_segment Palisade Wall x7 |
| 5:24 | Tilt Eulenspiegel · wall_segment Palisade Wall x8 |
| 5:32 | gggmeuer · wall_segment Palisade Wall x13 |
| 6:09 | Aliskandar · wall_segment Palisade Wall x7 |
| 7:13 | Aliskandar · wall_segment Palisade Wall x7 |
| 7:41 | gggmeuer · wall_segment Palisade Wall x1 |
| 7:42 | gggmeuer · wall_segment Palisade Wall x1 |
| 8:16 | Tilt Eulenspiegel · wall_segment Palisade Wall x1 |
| 8:25 | Aliskandar · wall_segment Palisade Wall x1 |
| 8:26 | Aliskandar · wall_segment Palisade Wall x1 |
| 8:39 | gggmeuer · wall_segment Palisade Wall x1 |
| 8:59 | Aliskandar · wall_segment Palisade Wall x1 |
| 9:10 | Tilt Eulenspiegel · wall_segment Palisade Wall x1 |
| 9:14 | gggmeuer · wall_segment Palisade Wall x1 |
| 9:19 | gggmeuer · wall_segment Palisade Wall x1 |
| 9:22 | gggmeuer · wall_segment Palisade Wall x11 |
| 9:25 | Wolfie · first_building Barracks |
| 9:25 | gggmeuer · wall_segment Palisade Wall x1 |
| 9:26 | gggmeuer · wall_segment Palisade Wall x2 |
| 9:29 | gggmeuer · wall_segment Palisade Wall x1 |
| 9:51 | Wolfie · age_up feudal |
| 10:05 | Wolfie · first_building Archery Range |
| 10:10 | gggmeuer · wall_segment Palisade Wall x1 |
| 10:57 | gggmeuer · wall_segment Palisade Wall x4 |
| 11:02 | gggmeuer · wall_segment Palisade Wall x5 |
| 11:07 | Tilt Eulenspiegel · wall_segment Palisade Wall x1 |
| 11:11 | Tilt Eulenspiegel · wall_segment Palisade Wall x6 |
| 11:12 | CptCrl · age_up feudal |
| 11:14 | Aliskandar · age_up feudal |
| 11:18 | gggmeuer · wall_segment Palisade Wall x7 |
| 11:23 | CptCrl · first_building Barracks |
| 11:24 | gggmeuer · wall_segment Palisade Wall x7 |
| 11:30 | Wolfie · wall_segment Palisade Wall x9 |
| 11:31 | gggmeuer · wall_segment Palisade Wall x7 |
| 11:53 | Tilt Eulenspiegel · age_up feudal |
| 12:12 | gggmeuer · age_up feudal |
| 12:28 | Meiershark · age_up feudal |
| 12:38 | CptCrl · first_building Stable |
| 12:52 | Tilt Eulenspiegel · first_market_sell 500 wood |
| 12:54 | Tilt Eulenspiegel · first_market_buy 100 food |
| 13:13 | Aliskandar · first_market_buy 100 food |
| 13:23 | Meiershark · first_building Barracks |
| 13:36 | Wolfie · wall_segment Palisade Wall x3 |
| 13:37 | Wolfie · wall_segment Palisade Wall x9 |
| 13:38 | Aliskandar · first_market_sell 100 wood |
| 13:38 | gggmeuer · wall_segment Palisade Wall x6 |
| 14:27 | gggmeuer · wall_segment Palisade Wall x1 |
| 14:46 | gggmeuer · wall_segment Stone Wall x7 |
| 14:52 | gggmeuer · wall_segment Stone Wall x3 |
| 15:35 | Tilt Eulenspiegel · age_up castle |
| 15:56 | Meiershark · first_building Stable |
| 16:11 | Meiershark · age_up castle |
| 16:13 | gggmeuer · wall_segment Stone Wall x7 |
| 16:18 | Aliskandar · age_up castle |
| 17:08 | gggmeuer · wall_segment Palisade Wall x3 |
| 17:12 | gggmeuer · wall_segment Palisade Wall x7 |
| 17:52 | Aliskandar · first_building Monastery |
| 18:50 | Wolfie · wall_segment Stone Wall x9 |
| 19:04 | Meiershark · first_building Siege Workshop |
| 19:14 | CptCrl · age_up castle |
| 19:18 | Wolfie · wall_segment Palisade Wall x1 |
| 19:20 | Wolfie · wall_segment Palisade Wall x1 |
| 19:23 | Tilt Eulenspiegel · wall_segment Stone Wall x7 |
| 19:23 | Wolfie · wall_segment Palisade Wall x1 |
| 19:36 | Aliskandar · wall_segment Stone Wall x16 |
| 19:50 | Wolfie · wall_segment Stone Wall x2 |
| 19:54 | Wolfie · wall_segment Stone Wall x1 |
| 19:58 | Wolfie · wall_segment Stone Wall x2 |
| 20:10 | Tilt Eulenspiegel · wall_segment Stone Wall x9 |
| 20:20 | Wolfie · wall_segment Stone Wall x4 |
| 20:29 | gggmeuer · age_up castle |
| 20:32 | gggmeuer · first_building Siege Workshop |
| 20:48 | Meiershark · first_market_buy 100 food |
| 21:12 | gggmeuer · wall_segment Palisade Wall x4 |
| 21:14 | gggmeuer · wall_segment Palisade Wall x5 |
| 21:46 | Tilt Eulenspiegel · wall_segment Stone Wall x9 |
| 21:49 | Wolfie · age_up castle |
| 21:50 | Tilt Eulenspiegel · first_building Monastery |
| 22:00 | Wolfie · first_building Siege Workshop |
| 22:07 | Tilt Eulenspiegel · first_building Barracks |
| 22:51 | gggmeuer · first_market_buy 100 wood |
| 23:01 | Aliskandar · first_building Siege Workshop |
| 23:04 | Tilt Eulenspiegel · first_building Archery Range |
| 23:39 | Aliskandar · first_building Barracks |
| 23:51 | Tilt Eulenspiegel · wall_segment Stone Wall x5 |
| 24:29 | Wolfie · first_building Monastery |
| 25:06 | Aliskandar · first_building Stable |
| 26:13 | gggmeuer · first_building Monastery |
| 27:11 | Aliskandar · age_up imperial |
| 27:41 | Tilt Eulenspiegel · first_building Stable |
| 28:01 | Tilt Eulenspiegel · first_building Castle |
| 28:49 | Wolfie · first_building Castle |
| 29:52 | Aliskandar · first_building Castle |
| 30:19 | gggmeuer · wall_segment Stone Wall x19 |
| 31:39 | Tilt Eulenspiegel · age_up imperial |
| 32:25 | gggmeuer · wall_segment Palisade Wall x14 |
| 32:45 | Meiershark · wall_segment Stone Wall x10 |
| 33:05 | gggmeuer · wall_segment Stone Wall x7 |
| 33:11 | gggmeuer · wall_segment Stone Wall x7 |
| 33:22 | gggmeuer · first_building Barracks |
| 33:53 | Meiershark · first_market_sell 500 food |
| 33:59 | Meiershark · first_building Castle |
| 34:16 | Wolfie · age_up imperial |
| 34:42 | CptCrl · first_building Siege Workshop |
| 35:02 | Wolfie · first_market_buy 100 food |
| 35:54 | Meiershark · first_building Monastery |
| 35:58 | Meiershark · first_building Archery Range |
| 38:30 | Meiershark · age_up imperial |
| 38:43 | Tilt Eulenspiegel · first_building Siege Workshop |
| 39:18 | CptCrl · age_up imperial |
| 42:58 | gggmeuer · resign |
[ AI ANALYSIS · 1 CREDIT ]
What really happened in this match?
Wolo.gg analyzes every decision: build order, eco, micro, common mistakes by bracket. Personalized analysis on WhatsApp or Discord in 30 seconds.
Civ guide
Italians
Perfil
Jugador #217430